 Dungeon Crawl Stone Soup version 0.24.0-3-g28a8eb0610 (webtiles) character file.

Game seed: 7810490699022180525, levelgen mode: deterministic

11 Descartes the Grasshopper (level 2, 0/15 HPs)
             Began as a Spriggan Warper on Nov 1, 2019.
             Slain by a hobgoblin
             ... wielding a +0 spear
              (5 damage)
             ... on level 1 of the Dungeon.
             The game lasted 00:01:38 (568 turns).

Descartes the Grasshopper (Spriggan Warper)          Turns: 568, Time: 00:01:38

Health: 0/15       AC:  2    Str:  7    XL:     2   Next: 13%
Magic:  6/6        EV: 19    Int: 14    God:
Gold:   0          SH:  0    Dex: 15    Spells: 2/6 levels left

rFire    . . .     SeeInvis +   a - +0 short sword
rCold    . . .     Gourm    .   (shield restricted)
rNeg     . . .     Faith    .   b - +0 robe
rPois    .         Spirit   .   (helmet restricted)
rElec    .         Reflect  .   (no cloak)
rCorr    .         Harm     .   (gloves unavailable)
MR       .....                  (boots unavailable)
Stlth    ++........             (no amulet)
HPRegen  0.05/turn              (no ring)
MPRegen  0.10/turn              (no ring)

@: very quick
A: very small, unfitting armour, see invisible, herbivore, speed 3, slow
metabolism 2
a: no special abilities


You were on level 1 of the Dungeon.
You were not hungry.

You visited 1 branch of the dungeon, and saw 1 of its levels.

Inventory:

Hand Weapons
 a - a +0 short sword (weapon)
Missiles
 c - 18 stones
 e - 5 boomerangs of dispersal (quivered)
 i - 10 sling bullets
Armour
 b - a +0 robe (worn)
Scrolls
 d - a scroll of blinking
 h - a scroll of immolation {unknown}
Potions
 g - a potion of magic {unknown}
Comestibles
 f - a ration


   Skills:
 + Level 1.7 Fighting
 + Level 2.3 Short Blades
 - Level 1.0 Throwing
 + Level 3.7 Dodging
 + Level 1.1 Stealth
 + Level 2.9 Spellcasting
 + Level 0.2 Charms
 + Level 4.4 Translocations


You had 2 spell levels left.
You knew the following spells:

 Your Spells              Type           Power        Failure   Level  Hunger
a - Blink                 Tloc           N/A          5%          2    ##.....
b - Shroud of Golubria    Chrm/Tloc      #.....       13%         2    ##.....

Your spell library contained the following spells:

 Spells                   Type           Power        Failure   Level  Hunger
 Gell's Gravitas          Tloc           ##........   11%         3    ###....
 Lesser Beckoning         Tloc           ##........   11%         3    ###....
 Teleport Other           Tloc           ##......     11%         3    ###....
 Passage of Golubria      Tloc           N/A          34%         4    #####..


Dungeon Overview and Level Annotations

Branches:
Dungeon (1/15)

Altars:


Innate Abilities, Weirdness & Mutations

You are very small and have problems with some larger weapons.
You are too small for most types of armour.
You have supernaturally acute eyesight. (SInv)
You are a herbivore.
You cover ground extremely quickly.
You need to consume almost no food.


Message History

You hit the hobgoblin.
The hobgoblin is lightly wounded.
The hobgoblin completely misses you.
You closely miss the hobgoblin.
The hobgoblin is lightly wounded.
The hobgoblin hits you with a +0 spear.
* * * LOW HITPOINT WARNING * * *
You hit the hobgoblin.
The hobgoblin is moderately wounded.
The hobgoblin hits you but does no damage.
You barely miss the hobgoblin.
The hobgoblin is moderately wounded.
The hobgoblin barely misses you.
You barely miss the hobgoblin.
The hobgoblin is moderately wounded.
The hobgoblin misses you.
You barely miss the hobgoblin.
The hobgoblin is moderately wounded.
The hobgoblin hits you with a +0 spear.
You die...

#........# ######.#.# .#
## ####.#.####### .#
.###....#..(..(.####..##
.....#######............
.###....#......†###...#
.##.........##..##..##
###.###...###........##
#...............@.....#
#.#.###...##....>g.....#
#.#.# ##.####........#..
#.#.# # #........# #
#s#.# ............ #.#.#
##............ #g#.##
##......$.#.. .....##
##..##..#### ......#


You could see a hobgoblin.

Vanquished Creatures
  3 bats (D:1)
  A giant cockroach (D:1)
  2 goblins (D:1)
  A hobgoblin (D:1)
  2 kobolds (D:1)
9 creatures vanquished.

Notes
Turn   | Place    | Note
-------+----------+-------------------------------------------
     0 | D:1      | Descartes the Spriggan Warper began the quest for the Orb.
     0 | D:1      | Reached XP level 1. HP: 10/10 MP: 5/5
   314 | D:1      | Reached skill level 1 in Stealth
   314 | D:1      | Reached XP level 2. HP: 5/15 MP: 6/6
   322 | D:1      | Learned a level 2 spell: Blink
   325 | D:1      | Learned a level 2 spell: Shroud of Golubria
   568 | D:1      | Slain by a hobgoblin

Levels and vault maps discovered:
D:1:      matt_arrival_refuge, layout_loops_ring, grunt_decor_mini_mirrors,
          st_stairs_5

Skill      XL: |  1 |
---------------+----+-----
Stealth        | 1 |  1.1
Fighting       | |  1.7
Short Blades   | |  2.3
Throwing       | |  1.0
Dodging        | |  3.7
Spellcasting   | |  2.9
Charms         | |  0.2
Translocations | |  4.4

Action                   || total
-------------------------++-------
Melee: Short sword       ||    39
Armor: Robe              ||     6
Dodge: Dodged            ||    37
